 Dungeon Crawl Stone Soup version 0.27.1-3-gb3d3a73c9e (webtiles) character file.

Game seed: 15078562397409705063

169 styxcanada the Covert (level 5, 0/26 HPs)
             Began as a Spriggan Brigand on Oct 11, 2021.
             Slain by a necrophage (4 damage)
             ... on level 3 of the Dungeon.
             The game lasted 00:08:53 (2033 turns).

styxcanada the Covert (Spriggan Brigand)            Turns: 2033, Time: 00:08:54

Health: 0/26       AC:  3    Str:  7    XL:     5   Next: 25%
Magic:  6/6        EV: 17    Int: 13    God:
Gold:   76         SH:  0    Dex: 17    Spells: 4/4 levels left

rFire    . . .     SeeInvis +   o - +2 hunting sling (freeze)
rCold    . . .     Faith    .   (shield restricted)
rNeg     + . .     Spirit   .   b - +0 robe
rPois    .         Reflect  .   (helmet restricted)
rElec    .         Harm     .   c - +0 cloak
rCorr    .         Rampage  .   (gloves unavailable)
Will     .....                  (boots unavailable)
Stlth    ++++......             (no amulet)
HPRegen  0.08/turn              g - ring of positive energy
MPRegen  0.10/turn              (no ring)

@: very quick
A: very small, no large weapons, unfitting armour, see invisible, speed 3
a: no special abilities


You were on level 3 of the Dungeon.
You visited 1 branch of the dungeon, and saw 4 of its levels.

You collected 76 gold pieces.

Inventory:

Hand Weapons
 a - a +3 dagger
 o - a +2 hunting sling of freezing (weapon)
Missiles
 d - 6 poisoned darts
 e - 46 stones
 i - 2 curare-tipped darts
 m - 17 sling bullets (quivered ammo)
Armour
 b - a +0 robe (worn)
 c - a +0 cloak (worn)
Jewellery
 f - an amulet of magic regeneration
 g - a ring of positive energy (left hand)
Scrolls
 h - a scroll of teleportation
Potions
 k - a potion of magic {unknown}
 l - a potion of attraction {unknown}
 n - a potion of cancellation {unknown}


   Skills:
 * Level 2.2 Fighting
 + Level 3.0 Short Blades
 + Level 1.0(2.1) Slings
 + Level 2.3(2.4) Throwing
 * Level 2.7 Dodging
 * Level 8.0 Stealth


You had 4 spell levels left.
You didn't know any spells.
Your spell library was empty.

Dungeon Overview and Level Annotations

Branches:
Dungeon (4/15)
 Temple: D:4-7

Altars:


Innate Abilities, Weirdness & Mutations

You are very small and have problems with some larger weapons.
You are too small for most types of armour.
You have supernaturally acute eyesight. (SInv)
You cover ground extremely quickly. (Speed+++)


Message History

Your base Slings skill increases to level 1!
Your Stealth skill increases to level 8!
You have reached level 5!
You feel clever.
You start resting.
You feel sick. x5
You are no longer poisoned.
You start resting.
A necrophage comes into view.
Throw: 47 stones
Press: ? - help, Q - select action, (/) - cycle Shift-Dir - straight line, f - necrophage
Aim: a necrophage (62% to hit)
You throw a stone.
The stone hits the necrophage but does no damage.
Your +2 hunting sling of freezing is covered in frost.
o - a +2 hunting sling of freezing (weapon)
Fire: 21 sling bullets
Press: ? - help, Q - select action, (/) - cycle Shift-Dir - straight line, f/p - necrophage
Aim: a necrophage (64% to hit)
You shoot a sling bullet. The sling bullet hits the necrophage.
The necrophage is lightly damaged.
Fire: 20 sling bullets
Press: ? - help, Q - select action, (/) - cycle Shift-Dir - straight line, f/p - necrophage
Aim: a necrophage (lightly damaged, 64% to hit)
You shoot a sling bullet. The sling bullet hits the necrophage.
The necrophage is moderately damaged.
Fire: 19 sling bullets
Press: ? - help, Q - select action, (/) - cycle Shift-Dir - straight line, f/p - necrophage
Aim: a necrophage (moderately damaged, 64% to hit)
You shoot a sling bullet.
The sling bullet barely misses the necrophage.
Fire: 18 sling bullets
Press: ? - help, Q - select action, (/) - cycle Shift-Dir - straight line, f/p - necrophage
Aim: a necrophage (lightly damaged, 64% to hit)
You shoot a sling bullet. The kobold shouts!
The sling bullet hits the necrophage.
The sling bullet freezes the necrophage.
The necrophage is heavily damaged.
The necrophage hits you.
You die...

#....# # #....# #
#....# # ####....#
# ...'...>##### #
#........# #
####...†....####
###.K..#####....##
##@..##'# #'##...
##.n###..# #††###.
#.(##.#..# #..#.##
##.'..#.)# #..#).'
#.##.#.K# #..#)##
#..###..# #..###.
##...#### ####...
#......# #....##
#.(.((.(...w.#.# #


You could see a necrophage and a kobold.

Vanquished Creatures
  A water moccasin (D:3)
  A gnoll (D:1)
  2 worms (D:3)
  An orc (D:3)
  5 endoplasms
  3 giant cockroaches
  6 hobgoblins
  2 jackals (D:2)
  3 kobolds (D:1)
  8 ball pythons
  6 bats
  3 frilled lizards
  5 goblins
  4 rats
50 creatures vanquished.

Notes
Turn   | Place    | Note
-------+----------+-------------------------------------------
     0 | D:1      | styxcanada the Spriggan Brigand began the quest for the
                  | Orb.
     0 | D:1      | Reached XP level 1. HP: 10/10 MP: 2/2
    81 | D:1      | Reached skill level 6 in Stealth
   310 | D:1      | Noticed a shining eye
   313 | D:1      | Noticed an eye of devastation
   315 | D:1      | Found a faded altar of an unknown god.
   316 | D:1      | Noticed a golden eye
   316 | D:1      | Noticed a golden eye
   366 | D:1      | Reached XP level 2. HP: 14/14 MP: 3/3
   594 | D:1      | Reached skill level 7 in Stealth
   795 | D:1      | Reached XP level 3. HP: 14/18 MP: 4/4
  1700 | D:2      | You fall into a shaft and drop 2 floors!
  1992 | D:3      | Reached XP level 4. HP: 21/23 MP: 5/5
  1994 | D:3      | Noticed a water moccasin
  2007 | D:3      | Killed a water moccasin
  2008 | D:3      | Reached skill level 1 in Slings
  2008 | D:3      | Reached skill level 8 in Stealth
  2008 | D:3      | Reached XP level 5. HP: 8/26 MP: 6/6
  2018 | D:3      | Noticed a necrophage
  2033 | D:3      | Slain by a necrophage

Illustrated notes

Levels and vault maps discovered:
D:1:      sevenhm_arrival_forest_fort_small_5, layout_loops_cross,
          hellmonk_ecumenical_altar_watching_god, minmay_tromino_v4_a
D:2:      layout_loops_ring, minmay_misc_feat_tiny, grunt_ministairs_14,
          guppyfry_early_lair_pool, uniq_terence
D:3:      layout_basic, overflow_temple_1_default, elyvilon_altar_3,
          minmay_divided_ellipse, uniq_natasha, uniq_crazy_yiuf_cottage,
          uniq_grinder
D:4:      layout_cave_pods, uniq_ijyb, uniq_blork_the_orc

Skill      XL: |  1  2  3  4 |
---------------+-------------+-----
Stealth        | 6 7 8 |  8.0
Dodging        | 2 |  2.7
Fighting       | 2 |  2.2
Short Blades   | 3 |  3.0
Slings         | 1 |  1.0
Throwing       | |  2.3

Action                   |  1- 3 |  4- 6 || total
-------------------------+-------+-------++-------
Melee: Dagger            |   133 |    10 ||   143
 Fire: Hunting sling     |     7 |     4 ||    11
Throw: Dart              |    26 |       ||    26
       Stone             |     2 |     1 ||     3
  Use: Scroll            |     4 |       ||     4
 Stab: Sleeping          |    12 |       ||    12
       Distracted        |     1 |       ||     1
Armor: Robe              |    15 |     1 ||    16
Dodge: Dodged            |    94 |     7 ||   101
